 Dungeon Crawl Stone Soup version 0.30-a0-723-gc1506a1cf0 (webtiles) character file.

Game seed: 12387730051364606243

123 Leeroy the Grasshopper (level 5, -7/43 HPs)
             Began as a Gnoll Warper on Jan 28, 2023.
             Killed by divine providence
             ... invoked by an orc priest
              (11 damage)
             ... on level 7 of the Dungeon.
             The game lasted 00:02:52 (2454 turns).

Leeroy the Grasshopper (Gnoll Warper)               Turns: 2454, Time: 00:02:53

Health: -7/43      AC:  3    Str: 11    XL:     5   Next: 7%
Magic:  12/12      EV: 12    Int: 14    God:
Gold:   153        SH:  0    Dex: 11    Spells: 12/14 levels left

rFire   . . .      SeeInvis .    r - +0 short sword of Edidec {distort, +Blink rElec Int+2 Dex-2}
rCold   . . .      Faith    .    (no shield)
rNeg    . . .      Spirit   .    b - +0 leather armour
rPois   .          Reflect  .    (no helmet)
rElec   +          Harm     .    (no cloak)
rCorr   .          Rampage  .    (no gloves)
Will    .....                    (no boots)
Stlth   +                        (no amulet)
HPRegen 0.27/turn                (no ring)
MPRegen 0.13/turn                (no ring)

@: confused, mighty
A: fangs 1, strong nose, distributed training
a: Evoke Blink


You were on level 7 of the Dungeon.
You visited 1 branch of the dungeon, and saw 5 of its levels.

You collected 153 gold pieces.

Inventory:

Hand Weapons
 a - a +0 falchion
 o - a +0 short sword
 r - the +0 short sword of Edidec (weapon) {distort, +Blink rElec Int+2 Dex-2}
   (You found it on level 2 of the Dungeon)

   Int:       It affects your intelligence (+2).
   Dex:       It affects your dexterity (-2).
   rElec:     It insulates you from electricity.
   +Blink:    It lets you blink.
Missiles
 d - 7 boomerangs of dispersal (quivered)
 t - 6 poisoned darts
Armour
 b - a +0 leather armour (worn)
Scrolls
 c - 2 scrolls of blinking
 f - a scroll of brand weapon {unknown}
 g - 4 scrolls of identify {unknown}
 h - a scroll of butterflies {unknown}
 k - a scroll of fog {unknown}
 m - a scroll of silence {unknown}
 q - a scroll of fear {unknown}
 s - a scroll of teleportation {unknown}
 u - a scroll of enchant weapon {unknown}
 v - a scroll of noise {unknown}
 w - a scroll of torment {unknown}
Potions
 e - 2 potions of haste {unknown}
 i - 4 potions of might
 j - a potion of curing {unknown}
 l - a potion of ambrosia {unknown}
 n - a potion of invisibility {unknown}
 p - a potion of flight {unknown}


   Skills:
 + Level 4.7 Fighting
 + Level 1.4 Short Blades
 + Level 4.7 Long Blades
 + Level 1.4 Axes
 + Level 1.4 Maces & Flails
 + Level 1.4 Polearms
 + Level 1.4 Staves
 + Level 1.4 Ranged Weapons
 + Level 2.9 Throwing
 + Level 2.9 Armour
 + Level 4.7 Dodging
 + Level 1.4 Stealth
 + Level 1.4 Shields
 + Level 1.4 Unarmed Combat
 + Level 5.1 Spellcasting
 + Level 1.1 Conjurations
 + Level 1.1 Hexes
 + Level 1.1 Summonings
 + Level 1.1 Necromancy
 + Level 5.5 Translocations
 + Level 1.1 Transmutations
 + Level 1.1 Fire Magic
 + Level 1.1 Ice Magic
 + Level 1.1 Air Magic
 + Level 1.1 Earth Magic
 + Level 1.1 Poison Magic
 + Level 1.5 Invocations
 + Level 1.4 Evocations


You had 12 spell levels left.
You knew the following spells:

 Your Spells              Type           Power      Damage    Failure   Level
a - Blink                 Tloc           38%        N/A       3%          2

Your spell library contained the following spells:

 Spells                   Type           Power      Damage    Failure   Level
 Lesser Beckoning         Tloc           38%        N/A       3%          2
 Teleport Other           Tloc           19%        N/A       7%          3
 Freeze                   Ice            24%        1d4       14%         1
 Shock                    Conj/Air       24%        1d4       14%         1
 Vhi's Electric Charge    Tloc/Air       24%        N/A       17%         3
 Manifold Assault         Tloc           19%        N/A       22%         4
 Frozen Ramparts          Ice            12%        1d2       38%         3
 Hailstorm                Conj/Ice       6%         3d4       38%         3
 Cause Fear               Hex            3%         N/A       80%         4
 Dragon Form              Tmut           3%         N/A       100%        7
 Dragon's Call            Summ           3%         N/A       100%        9


Dungeon Overview and Level Annotations

Branches:
Dungeon (4/15)
 Temple: D:4-7

Altars:

Shops:
D:2 =   D:3 =


Innate Abilities, Weirdness & Mutations

You have very sharp teeth.
Your uncanny sense of smell can sniff out nearby items.
Your experience applies equally to all skills.


Message History

You hit something.
You hear some strange, mumbled words.
Something tries to affect you, but you resist.
You hit something but do no damage.
Space warps around something.
Something hits you.
The orc priest calls upon Beogh to heal the orc wizard.
The orc wizard is healed somewhat.
You barely miss the orc wizard. You bite the orc wizard.
The orc wizard is moderately wounded.
You miss the orc wizard.
The orc wizard is moderately wounded.
The orc wizard barely misses you.
You barely miss the orc wizard.
The orc wizard is moderately wounded.
The orc priest calls upon Beogh to heal the orc wizard.
The orc wizard gestures at you while chanting.
The puff of flame hits you!
You hit the orc wizard but do no damage.
Space warps around the orc wizard.
The orc wizard is heavily wounded.
The orc wizard points at you and mumbles some strange words.
You are confused.
The orc priest invokes the aid of Beogh against you.
Beogh smites you!
You hit the orc wizard.
The orc wizard is devoured by a tear in reality.
You have reached level 5!
You bump into the rock wall.
Something hits you. x2
* * * LOW HITPOINT WARNING * * *
You bump into the rock wall.
The orc priest calls down the wrath of Beogh upon you.
Something writhes in agony!
Something hits you.
* * * LOW HITPOINT WARNING * * *
It was a potion of might.
You feel very mighty all of a sudden. Something hits you.
* * * LOW HITPOINT WARNING * * *
The orc priest invokes the aid of Beogh against you.
Beogh smites you!
You die...

#....>...##
#.###.##.# #.#
#.##.# #.# #.##.#
#.###.##.#
#........#
#####.#### #
#.###########...#
#.......)@{o.....
#############...#
#


You could see an orc priest.

Vanquished Creatures
  2 adders (D:2)
  2 worms (D:2)
  3 dart slugs
  5 orcs
  A ball python (D:1)
  8 endoplasms
  3 giant cockroaches
  2 goblins
  5 hobgoblins
  3 kobolds
  7 bats
  4 frilled lizards (D:2)
  2 rats
47 creatures vanquished.

Notes
Turn   | Place    | Note
-------+----------+-------------------------------------------
     0 | D:1      | Leeroy the Gnoll Warper began the quest for the Orb.
     0 | D:1      | Reached XP level 1. HP: 20/20 MP: 6/6
   173 | D:1      | Found a faded altar of an unknown god.
   180 | D:1      | Got Plato's Directory of Percussion
   649 | D:1      | Reached XP level 2. HP: 25/26 MP: 7/7
   904 | D:1      | Learned a level 2 spell: Blink
  1125 | D:2      | Reached skill level 5 in Spellcasting
  1125 | D:2      | Reached XP level 3. HP: 17/31 MP: 7/9
  1131 | D:2      | Identified the +0 short sword of Edidec {distort, +Blink
                  | rElec Int+2 Dex-2}
  1155 | D:2      | Reached skill level 1 in Invocations
  1304 | D:2      | Reached skill level 1 in Short Blades
  1304 | D:2      | Reached skill level 1 in Axes
  1304 | D:2      | Reached skill level 1 in Maces & Flails
  1304 | D:2      | Reached skill level 1 in Polearms
  1304 | D:2      | Reached skill level 1 in Staves
  1304 | D:2      | Reached skill level 1 in Ranged Weapons
  1304 | D:2      | Reached skill level 1 in Stealth
  1304 | D:2      | Reached skill level 1 in Shields
  1304 | D:2      | Reached skill level 1 in Unarmed Combat
  1304 | D:2      | Reached skill level 1 in Evocations
  1391 | D:2      | Reached XP level 4. HP: 20/38 MP: 11/11
  1642 | D:2      | Found Zusiurgh's Jewellery Shop.
  1917 | D:3      | Found Nasor's Jewellery Shoppe.
  1976 | D:3      | Reached skill level 1 in Conjurations
  1976 | D:3      | Reached skill level 1 in Hexes
  1976 | D:3      | Reached skill level 1 in Summonings
  1976 | D:3      | Reached skill level 1 in Necromancy
  1976 | D:3      | Reached skill level 1 in Transmutations
  1976 | D:3      | Reached skill level 1 in Fire Magic
  1976 | D:3      | Reached skill level 1 in Ice Magic
  1976 | D:3      | Reached skill level 1 in Air Magic
  1976 | D:3      | Reached skill level 1 in Earth Magic
  1976 | D:3      | Reached skill level 1 in Poison Magic
  2347 | D:4      | You fall into a shaft and drop 3 floors!
  2452 | D:7      | Reached XP level 5. HP: 15/43 MP: 12/12
  2454 | D:7      | Killed from afar by an orc priest

Illustrated notes

Levels and vault maps discovered:
D:1:      minmay_arrival_solitary_statue, layout_basic,
          shapermc_ecumenical_altar_rom_forum
D:2:      layout_basic, serial_shops, nicolae_shop_behind_doors
D:3:      layout_rooms, serial_shops, nicolae_shop_trees, minmay_misc_feat_tower
D:4:      layout_cave_pools, overflow_temple_1_default, doesnt_xom_only_xom,
          mainiacjoe_overflow_24_doors, temple_statues, uniq_duvessa, uniq_ijyb
D:7:      layout_loops_corners, due_unseen_surprise

Skill      XL: |  1  2  3  4 |
---------------+-------------+-----
Spellcasting   | 5 |  5.1
Invocations    | 1 |  1.5
Short Blades   | 1 |  1.4
Axes           | 1 |  1.4
Maces & Flails | 1 |  1.4
Polearms       | 1 |  1.4
Staves         | 1 |  1.4
Ranged Weapons | 1 |  1.4
Stealth        | 1 |  1.4
Shields        | 1 |  1.4
Unarmed Combat | 1 |  1.4
Evocations     | 1 |  1.4
Conjurations   | 1 |  1.1
Hexes          | 1 |  1.1
Summonings     | 1 |  1.1
Necromancy     | 1 |  1.1
Transmutations | 1 |  1.1
Fire Magic     | 1 |  1.1
Ice Magic      | 1 |  1.1
Air Magic      | 1 |  1.1
Earth Magic    | 1 |  1.1
Poison Magic   | 1 |  1.1
Fighting       | |  4.7
Long Blades    | |  4.7
Throwing       | |  2.9
Armour         | |  2.9
Dodging        | |  4.7
Translocations | |  5.5

Action                     |  1- 3 |  4- 6 || total
---------------------------+-------+-------++-------
  Melee: Falchion          |    65 |       ||    65
         Bite              |    10 |     5 ||    15
         Punch             |     1 |       ||     1
         Short sword       |    44 |    51 ||    95
    Use: Potion            |       |     1 ||     1
   Stab: Sleeping          |       |     1 ||     1
 Armour: Leather armour    |    30 |     5 ||    35
  Dodge: Dodged            |    53 |    22 ||    75

Table legend: (Time is in decaauts)
 A = Elapsed time spent in this place.
 B = Non-inter-level travel time spent in this place.
 C = Inter-level travel time spent in this place.
 D = Time resting spent in this place.
 E = Time spent auto-exploring this place.
 F = Levels seen in this place.
 G = Mean time per level.
                   A        B        C        D        E       F      G
               +--------+--------+--------+--------+--------+-----+--------+
         Total |   2453 |   2413 |     40 |      0 |   2000 |   5 |  490.6 |
       Dungeon |   2453 |   2413 |     40 |      0 |   2000 |   5 |  490.6 |
               +--------+--------+--------+--------+--------+-----+--------+

Top non-repeatable levels by time:
     D:1: 1082 daAuts
     D:2: 696 daAuts
     D:3: 569 daAuts
     D:7: 105 daAuts
